 Dungeon Crawl Stone Soup version 0.30-a0-1082-g70414cbcbb (webtiles) character file.

Game seed: 6567705075535371443

2420 Arzdou the Destroyer (level 9, -1/68 HPs)
             Began as a Red Draconian Conjurer on Apr 15, 2023.
             Shot with a sling bullet by Joseph (22 damage)
             ... on level 7 of the Dungeon.
             The game lasted 00:24:16 (10393 turns).

Arzdou the Destroyer (Red Draconian Conjurer)      Turns: 10393, Time: 00:24:16

Health: -1/68      AC: 10    Str:  9    XL:     9   Next: 24%
Magic:  15/18      EV: 12    Int: 23    God:
Gold:   451        SH:  0    Dex: 10    Spells: 10/20 levels left

rFire   + . .      SeeInvis .    v - +3 spear (venom)
rCold   . . .      Faith    .    (no shield)
rNeg    . . .      Spirit   .    (body armour unavailable)
rPois   .          Reflect  .    (helmet restricted)
rElec   .          Rampage  .    h - +0 cloak
rCorr   .                        j - +0 pair of gloves
Will    .....                    q - +0 pair of boots
Stlth   ++                       (no amulet)
HPRegen 0.31/turn                (no ring)
MPRegen 0.16/turn                (no ring)

@: no status effects
A: breathe fire, AC +7, unfitting armour, fire resistance 1, cold-blooded
a: Breathe Fire


You were on level 7 of the Dungeon.
You visited 2 branches of the dungeon, and saw 8 of its levels.

You collected 451 gold pieces.

Inventory:

Hand Weapons
 m - a +2 short sword of draining
 v - a +3 spear of venom (weapon)
Armour
 h - a +0 cloak (worn)
 j - a +0 pair of gloves (worn)
 q - a +0 pair of boots (worn)
Wands
 s - a wand of flame (17)
 t - a wand of acid (5)
Scrolls
 d - 3 scrolls of enchant armour {unknown}
 g - a scroll of identify
 k - a scroll of teleportation
 l - 2 scrolls of brand weapon
 p - a scroll of silence
 u - a scroll of noise {unknown}
 w - a scroll of torment {unknown}
Potions
 a - a potion of magic
 b - 2 potions of flight
 c - 2 potions of attraction
 e - 2 potions of berserk rage
 f - a potion of brilliance {unknown}
 i - a potion of heal wounds
 n - a potion of might
 o - a potion of mutation {unknown}
 r - 3 potions of curing


   Skills:
 + Level 2.4 Fighting
 + Level 3.9 Dodging
 + Level 3.6 Stealth
 - Level 0.1 Unarmed Combat
 + Level 6.0 Spellcasting
 * Level 9.2 Conjurations
 * Level 4.5 Fire Magic


You had 10 spell levels left.
You knew the following spells:

 Your Spells              Type           Power      Damage    Failure   Level
a - Magic Dart            Conj           100%       1d8       1%          1
b - Searing Ray           Conj           98%        2d8       1%          2
c - Flame Wave            Conj/Fire      38%        2d10      4%          4
d - Dazzling Flash        Conj/Hex       56%        N/A       3%          3

Your spell library contained the following spells:

 Spells                   Type           Power      Damage    Failure   Level
 Sticky Flame             Conj/Fire      38%        2d6       4%          4
 Inner Flame              Hex/Fire       17%        N/A       10%         3
 Fulminant Prism          Conj/Hex       14%        3d9       13%         4
 Iskenderun's Mystic Bla  Conj/Tloc      28%        2d7       13%         4
 Vhi's Electric Charge    Tloc/Air       12%        N/A       26%         3
 Arcjolt                  Conj/Air       14%        1d24      34%         5
 Maxwell's Capacitive Co  Air            3%         ∞         100%        8


Dungeon Overview and Level Annotations

Branches:
Dungeon (7/15)             Temple (1/1) D:4

Altars:
Ashenzari
Cheibriados
Dithmenos
Elyvilon
Kikubaaqudgha
Makhleb
Okawaru
Qazlal
Ru
Trog
Uskayaw
Wu Jian
Xom
Yredelemnul
Zin
The Shining One

Shops:
D:5 (

Annotations:
D:4 1 runed translucent door, graymark's ghost, amateur DsFi
D:7 Joseph


Innate Abilities, Weirdness & Mutations

You can breathe blasts of fire.
Your fiery red scales are hard. (AC +7)
You cannot fit into any form of body armour.
Your flesh is heat resistant. (rF+)
You are cold-blooded and may be slowed by cold attacks.


Message History

Confirm with . or Enter, or press ? or * to list all spells.
Casting: Flame Wave (dangerous; 5% risk of failure)
Press: ? - help, Dir - look around, f - activate A wave of flame ripples out!
The flame wave engulfs the scorpion!
The scorpion is severely wounded. (Press . to intensify the flame waves.)
The scorpion closely misses you.
A wave of flame ripples out!
The flame wave engulfs the scorpion!!
You kill the scorpion!
Magic restored.
Done exploring.
Press: ? - help, v - describe, . - travel The floor.
Press: ? - help, v - describe, . - travel The floor.
Unknown command.
Press: ? - help, v - describe, . - travel The floor.
There is an open door here.
There is an open door here.
There is a stone staircase leading down here.
You climb downwards.
Level annotation: Joseph
There is a stone staircase leading up here.
You see here a +0 short sword.
w - a scroll labelled HIETOVVAQAJ The magic dart hits Joseph but does no damage.
Joseph unwields a +0 quarterstaff.
Joseph wields a +0 sling.
Joseph shoots a sling bullet.
The sling bullet hits you!
The magic dart hits Joseph.
Joseph is lightly wounded.
The magic dart hits Joseph but does no damage.
Joseph is lightly wounded.
Joseph shoots a sling bullet.
The sling bullet hits you!
The magic dart hits Joseph but does no damage.
Joseph is lightly wounded.
Joseph shoots a sling bullet.
The sling bullet hits you.
Joseph shoots a sling bullet.
The sling bullet hits you!
Joseph shoots a sling bullet.
The sling bullet hits you!!
You die...

##...## #..## +#.#+ ##....
##.....# ###...###...###.....
#......## ###.........8...s....#
........##
#...#...###..s###...##
.........###.###..##.e#.#+ ##..#
...........#.# #.##. #.# ##.#
........#....# #.# ##.## #.#
...##...##...###.# ##...## #.#
..###..####...##@####.....####.#
.## #..# ###..........@.......#
## #..# #............########
####..# ##...#######..##
##.#..## #...## #...###
#.....#####...# #..)..### #
........##...## ##......####
.........#..## ###..........
............# #............


You could see Joseph.

Vanquished Creatures
  4 yaks
  A water moccasin (D:6)
  3 ice beasts (D:6)
  A black bear (D:6)
  2 ogres (D:7)
  A kobold brigand (D:6)
  A bullfrog (D:7)
  2 gnoll sergeants (D:7)
  4 scorpions
  2 howler monkeys (D:6)
  A hound (D:4)
  2 orc priests
  5 iguanas
  4 orc wizards
  7 adders
  13 gnolls
  2 ufetubi (D:5)
  3 worms
  2 dart slugs (D:1)
  18 orcs
  5 endoplasms
  7 goblins
  11 hobgoblins
  11 jackals
  15 kobolds
  4 quokkas
  10 ball pythons
  4 bats
  A frilled lizard (D:3)
  10 rats
156 creatures vanquished.

Vanquished Creatures (others)
  A plant (D:4)
1 creature vanquished.

Grand Total: 157 creatures vanquished

Notes
Turn   | Place    | Note
-------+----------+-------------------------------------------
     0 | D:1      | Arzdou the Draconian Conjurer began the quest for the Orb.
     0 | D:1      | Reached XP level 1. HP: 14/14 MP: 3/3
   358 | D:1      | Reached XP level 2. HP: 18/20 MP: 1/5
   420 | D:1      | HP: 1/20 [jackal (1)]
   973 | D:2      | Reached XP level 3. HP: 21/26 MP: 0/6
   976 | D:2      | Learned a level 2 spell: Searing Ray
  1254 | D:2      | Reached skill level 5 in Conjurations
  2038 | D:1      | Reached XP level 4. HP: 33/33 MP: 4/7
  2528 | D:3      | Found a faded altar of an unknown god.
  2885 | D:3      | HP: 1/34 [iguana (6)]
  2933 | D:3      | Reached XP level 5. HP: 15/39 MP: 2/9
  3480 | D:3      | Found a snail-covered altar of Cheibriados.
  4071 | D:4      | Found a staircase to the Ecumenical Temple.
  4078 | Temple   | Entered the Ecumenical Temple
  4393 | D:4      | Reached skill level 6 in Conjurations
  4538 | D:4      | Reached XP level 6. HP: 46/46 MP: 8/10
  4600 | D:4      | Found a shadowy altar of Dithmenos.
  4768 | D:4      | Reached skill level 1 in Fighting
  4944 | D:4      | Found a runed translucent door.
  4944 | D:4      | Noticed graymark's ghost (amateur DsFi)
  5580 | D:5      | Entered Level 5 of the Dungeon
  6161 | D:5      | Found Sairis's Weapon Shop.
  6408 | D:5      | Your scales start taking on a fiery red colour.
  6408 | D:5      | Reached XP level 7. HP: 41/52 MP: 7/12
  6408 | D:5      | Gained mutation: Your flesh is heat resistant. (rF+) [Red
                  | Draconian growth]
  6640 | D:5      | Learned a level 4 spell: Flame Wave
  6751 | D:6      | Found a white marble altar of Elyvilon.
  6871 | D:6      | Reached skill level 1 in Fire Magic
  7030 | D:6      | Reached skill level 7 in Conjurations
  7439 | D:6      | Reached XP level 8. HP: 61/61 MP: 14/14
  8030 | D:6      | Reached skill level 8 in Conjurations
  8598 | D:6      | Reached skill level 5 in Spellcasting
  8879 | D:6      | Learned a level 3 spell: Dazzling Flash
  9458 | D:7      | Reached XP level 9. HP: 67/68 MP: 7/17
  9827 | D:7      | Reached skill level 9 in Conjurations
  9980 | D:7      | Noticed Joseph
 10186 | D:7      | Noticed a deep elf pyromancer
 10393 | D:7      | Shot with a sling bullet by Joseph

Illustrated notes

Levels and vault maps discovered:
D:1:      shiori_arrival_oz, layout_loops_corners
D:2:      layout_rooms
D:3:      layout_basic, mainiacjoe_overflow_small_starburst,
          hellmonk_ecumenical_altar_blasted, minmay_checkerbox
D:4:      layout_basic, nicolae_dithmenos_the_darkroom,
          minmay_temple_entry_proselytizer, hellmonk_ghost_happy_afterlife,
          serial_bayou_crossing
D:5:      layout_basic, serial_shops, nicolae_shop_scrapyard, st_stairs_1
D:6:      layout_gridville, nicolae_elyvilon_peaceful_grove
D:7:      cheibrodos_barr_body, layout_cave_pods, glass_columns_a,
          grunt_decor_one_mirror, minmay_statues_item, uniq_joseph
Temple:   nicolae_temple_bog_church

Skill      XL: |  1  2  3  4  5  6  7  8  9 |
---------------+----------------------------+-----
Conjurations   | 5 6 7 8 9 |  9.2
Dodging        | 2 3 |  3.9
Stealth        | 2 3 |  3.6
Spellcasting   | 3 4 5 6 |  6.0
Fighting       | 1 2 |  2.4
Fire Magic     | 2 4 |  4.5
Unarmed Combat | |  0.1

Action                     |  1- 3 |  4- 6 |  7- 9 || total
---------------------------+-------+-------+-------++-------
  Melee: Unarmed           |    36 |       |       ||    36
         Tailslap          |     4 |     2 |       ||     6
         Short sword       |       |    26 |     9 ||    35
   Cast: Magic Dart        |   100 |    88 |   111 ||   299
         Searing Ray       |       |    15 |    19 ||    34
         Flame Wave        |       |       |     6 ||     6
Ability: Breathe Fire      |       |       |    15 ||    15
    Use: Scroll            |     3 |    10 |     2 ||    15
 Armour: Skin              |    43 |    31 |    34 ||   108
  Dodge: Dodged            |    65 |    39 |    54 ||   158

Table legend: (Time is in decaauts)
 A = Elapsed time spent in this place.
 B = Non-inter-level travel time spent in this place.
 C = Inter-level travel time spent in this place.
 D = Time resting spent in this place.
 E = Time spent auto-exploring this place.
 F = Levels seen in this place.
 G = Mean time per level.
                   A        B        C        D        E       F      G
               +--------+--------+--------+--------+--------+-----+--------+
         Total |  10425 |   9552 |    873 |     89 |   8116 |   8 | 1303.1 |
       Dungeon |  10140 |   9321 |    819 |     89 |   7897 |   7 | 1448.6 |
        Temple |    285 |    231 |     54 |      0 |    219 |   1 |  285.0 |
               +--------+--------+--------+--------+--------+-----+--------+

Top non-repeatable levels by time:
     D:6: 1760 daAuts
     D:1: 1727 daAuts
     D:7: 1687 daAuts
     D:4: 1631 daAuts
     D:3: 1413 daAuts
     D:5: 1048 daAuts
     D:2: 872 daAuts
  Temple: 285 daAuts
